 Dungeon Crawl Stone Soup version 0.22-a0-252-gcace5d2 (webtiles) character file.

61 tilp the Chiller (level 4, -1/45 HPs)
             Began as a Merfolk Ice Elementalist on Mar 2, 2018.
             Slain by a goblin (2 damage)
             ... led by Robin
             ... on level 2 of the Dungeon.
             The game lasted 00:03:35 (2136 turns).

tilp the Chiller (Merfolk Ice Elementalist)         Turns: 2136, Time: 00:03:36

Health: -1/45      AC:  2    Str: 13    XL:     4   Next: 7%
Magic:  2/7        EV: 13    Int: 15    God:
Gold:   116        SH:  0    Dex: 14    Spells: 1/7 levels left

rFire    . . .     SeeInvis .   j - +2 dagger (venom)
rCold    . . .     Gourm    .   (no shield)
rNeg     . . .     Faith    .   a - +0 robe
rPois    .         Spirit   .   (no helmet)
rElec    .         Reflect  .   (no cloak)
rCorr    .         Harm     .   (no gloves)
MR       .....                  (no boots)
Stlth    ..........             (no amulet)
HPRegen  0.15/turn              (no ring)
MPRegen  0.10/turn              (no ring)

@: berserking, very quick
A: change form in water, swift swim, stealthy swim
a: no special abilities


You were on level 2 of the Dungeon.
You were not hungry.

You visited 1 branch of the dungeon, and saw 2 of its levels.

You collected 116 gold pieces.

Inventory:

Hand Weapons
 j - a +2 dagger of venom (weapon)
 k - a cursed +0 hunting sling
Missiles
 d - 40 stones (quivered)
Armour
 a - a +0 robe (worn)
Scrolls
 b - a scroll of teleportation {unknown}
 e - 6 scrolls of identify {unknown}
 i - 2 scrolls of remove curse {unknown}
Potions
 g - a potion of berserk rage
 h - a potion of haste {unknown}
Comestibles
 c - 3 rations


   Skills:
 - Level 2.6 Dodging
 - Level 2.1 Stealth
 - Level 2.0 Spellcasting
 - Level 0.7 Conjurations
 + Level 5.3 Ice Magic


You had one spell level left.
You knew the following spells:

 Your Spells              Type           Power        Failure   Level  Hunger
a - Freeze                Ice            ###.         2%          1    #......
b - Throw Frost           Conj/Ice       ##....       10%         2    ###....
c - Ozocubu's Armour      Chrm/Ice       #.......     22%         3    ###....


Dungeon Overview and Level Annotations

Branches:
Dungeon (2/15)

Altars:
Yredelemnul

Annotations:
D:2 1 runed door, Robin


Message History

You freeze the goblin.
You kill the goblin!
Robin throws the goblin at you!
* * * LOW HITPOINT WARNING * * *
The hobgoblin barely misses you.
Casting: Freeze (safe; 2% risk of failure)
Confirm with . or Enter, or press ? or * to list all spells.
Aiming: Freeze (safe; 2% risk of failure)
Press: ? - help, Shift-Dir - straight line, f - goblin
Aim: a goblin (unusually strong)
You freeze the goblin.
The goblin is heavily wounded.
The goblin hits you.
* * * LOW HITPOINT WARNING * * *
The hobgoblin hits you.
* * * LOW HITPOINT WARNING * * *
It was a potion of berserk rage.
A red film seems to cover your vision as you go berserk!
You feel yourself moving faster!
You feel mighty! The goblin hits you.
You die...

..............#
###.######.#..#
...........#..#
###.####.#.#..#
..>.<#...#.#...
####.#.#.#.#.###
#.#.....#.#
#.......#.########.#
#####.#.#...g@gggg.#
#.#...##########
#.....# #.###.# #.#
#.# ### ###


You could see Robin, a hobgoblin and 3 goblins.

Vanquished Creatures
  A worker ant (D:2)
  A worm (D:2)
  3 ball pythons
  4 giant cockroaches
  3 hobgoblins
  A quokka (D:2)
  2 bats (D:1)
  2 frilled lizards (D:1)
  11 goblins
  4 kobolds
32 creatures vanquished.

Notes
Turn   | Place    | Note
-------+----------+-------------------------------------------
     0 | D:1      | tilp the Merfolk Ice Elementalist began the quest for the Orb.
     0 | D:1      | Reached XP level 1. HP: 13/13 MP: 3/3
   453 | D:1      | Reached XP level 2. HP: 19/19 MP: 1/5
   744 | D:1      | Reached skill level 4 in Ice Magic
  1420 | D:2      | Reached XP level 3. HP: 24/24 MP: 2/6
  1424 | D:2      | Learned a level 2 spell: Throw Frost
  1428 | D:2      | Learned a level 3 spell: Ozocubu's Armour
  1527 | D:2      | Reached skill level 5 in Ice Magic
  1762 | D:2      | Found a runed door.
  1762 | D:2      | Noticed a human
  1767 | D:2      | Found a basalt altar of Yredelemnul.
  2072 | D:2      | Reached XP level 4. HP: 30/30 MP: 5/7
  2125 | D:2      | Noticed Robin
  2135 | D:2      | HP: 1/30 [hobgoblin[Robin] (4)]
  2136 | D:2      | Slain by a goblin

Vault maps used:
D:1:      enne_arrival_octagon_isle
D:2:      minmay_misc_feat_five, dk_yredelemnul_ordeal, uniq_robin

Skill      XL: |  1  2  3 |
---------------+----------+-----
Ice Magic      | 4 5 |  5.3
Dodging        | |  2.6
Stealth        | |  2.1
Spellcasting   | |  2.0
Conjurations   | |  0.7

Action                   |  1- 3 |  4- 6 || total
-------------------------+-------+-------++-------
Melee: Dagger            |    28 |     2 ||    30
Throw: Stone             |     7 |       ||     7
 Cast: Freeze            |    34 |     5 ||    39
  Use: Potion            |       |     1 ||     1
 Stab: Sleeping          |     7 |       ||     7
  Eat: Chunk             |     4 |       ||     4
Armor: Robe              |     9 |     1 ||    10
Dodge: Dodged            |    30 |     4 ||    34

Table legend:
 A = Spawn XP
 B = Non-spawn XP
 C = Spawn XP percentage of total XP
 D = Spawn monster count
 E = Non-spawn monster count
 F = Spawn count percentage of total count
 G = Total turns spent on level
                    A         B        C        D         E        F      G
               +---------+---------+-------+---------+---------+-------+---------
         Total |       0 |      88 |   0.0 |       0 |      32 |   0.0 |  2136
               +---------+---------+-------+---------+---------+-------+---------
           D:1 |       0 |      28 |   0.0 |       0 |      18 |   0.0 |  1336
           D:2 |       0 |      60 |   0.0 |       0 |      14 |   0.0 |   800
               +---------+---------+-------+---------+---------+-------+---------
